 Dungeon Crawl Stone Soup version 0.28-a0-94-g325244837d (webtiles) character file.

Game seed: 11748742962867782175

30 Zadan the Digger (level 3, -2/19 HPs)
             Began as a Gargoyle Earth Elementalist on Aug 7, 2021.
             Slain by a hobgoblin (4 damage)
             ... on level 2 of the Dungeon.
             The game lasted 00:03:05 (1678 turns).

Zadan the Digger (Gargoyle Earth Elementalist)      Turns: 1678, Time: 00:03:07

Health: -2/19      AC:  6    Str: 11    XL:     3   Next: 20%
Magic:  7/7        EV: 11    Int: 16    God:
Gold:   36         SH:  0    Dex: 10    Spells: 3/7 levels left

rFire   . . .      SeeInvis .   d - +0 whip
rCold   + . .      Faith    .   (no shield)
rNeg    + . .      Spirit   .   b - +0 robe
rPois   ∞          Reflect  .   (no helmet)
rElec   +          Harm     .   a - +0 cloak
rCorr   .          Rampage  .   (no gloves)
Will    .....                   (no boots)
Stlth   ++........              (no amulet)
HPRegen 0.06/turn               i - ring of protection from cold
MPRegen 0.10/turn               (no ring)

@: no status effects
A: sickness immunity, AC +3, negative energy resistance 1, electricity
resistance, torment resistance 1, petrification resistance
a: no special abilities


You were on level 2 of the Dungeon.
You visited 1 branch of the dungeon, and saw 2 of its levels.

You collected 36 gold pieces.

Inventory:

Hand Weapons
 d - a +0 whip (weapon)
 k - a +0 mace
Missiles
 c - 37 stones
Armour
 a - a +0 cloak (worn)
 b - a +0 robe (worn)
Jewellery
 i - a ring of protection from cold (left hand)
 j - a ring of fire
Scrolls
 h - a scroll of teleportation
Potions
 e - 2 potions of resistance
 f - 2 potions of might
 g - a potion of mutation {unknown}


   Skills:
 - Level 1.5 Dodging
 - Level 2.1 Stealth
 + Level 2.7 Spellcasting
 + Level 0.2 Conjurations
 - Level 0.7 Transmutations
 + Level 4.4 Earth Magic


You had 3 spell levels left.
You knew the following spells:

 Your Spells              Type           Power      Damage    Failure   Level
a - Sandblast             Erth           32%        2d9       3%          1
b - Stone Arrow           Conj/Erth      18%        3d8       22%         3

Your spell library contained the following spells:

 Spells                   Type           Power      Damage    Failure   Level
 Passwall                 Tmut/Erth      8%         N/A       10%         2
 Petrify                  Tmut/Erth      10%        N/A       54%         4


Dungeon Overview and Level Annotations

Branches:
Dungeon (2/15)

Altars:


Innate Abilities, Weirdness & Mutations

You are immune to sickness and miasma.
Your stone body is resilient. (AC +3)
You are immune to poison.
You resist negative energy. (rN+)
You are resistant to electric shocks. (rElec)
You are resistant to unholy torment.
You are immune to petrification.


Message History

You open the door.
There is an open door here.
A rat comes into view.
A hobgoblin comes into view.
A worm and a goblin come into view.
The hobgoblin shouts!
The goblin shouts!
You hit the rat.
The rat is severely wounded.
The rat bites you.
You hit the rat.
You kill the rat!
Found a leather armour.
You see here a rat corpse.
The goblin hits you with a +0 club.
You closely miss the goblin. The hobgoblin misses you.
The goblin hits you with a +0 club.
You miss the goblin.
The hobgoblin hits you but does no damage.
The goblin closely misses you.
You hit the worm.
The worm is moderately wounded.
The hobgoblin misses you. The goblin hits you with a +0 club.
You hit the worm.
The worm is heavily wounded.
The hobgoblin hits you but does no damage.
The goblin hits you but does no damage. The worm bites you but does no damage.
You hit the worm.
The worm is heavily wounded.
The hobgoblin hits you. The goblin hits you but does no damage.
The worm misses you.
You hit the worm.
The worm is heavily wounded.
The hobgoblin barely misses you. The goblin barely misses you.
You hit the worm but do no damage.
The worm is heavily wounded.
The hobgoblin closely misses you. The goblin barely misses you.
The worm bites you!
* * * LOW HITPOINT WARNING * * *
The hobgoblin hits you.
You die...

.........# .........#
.........# ######
.[.......# #.....
.........# #.....
.........## #.....
......gg..#+#######.....
......w@†...............
###.....#...............
#.###.#............... #
..#.#'#######.....
.###.#.........#.## ..
..#...........# ##
####.########### ....
#.#.#


You could see a worm, a hobgoblin and a goblin.

Vanquished Creatures
  2 dart slugs
  3 endoplasms
  A giant cockroach (D:2)
  2 goblins
  2 hobgoblins
  3 kobolds (D:1)
  3 quokkas (D:2)
  2 ball pythons
  4 bats (D:1)
  A frilled lizard (D:1)
  2 rats
25 creatures vanquished.

Notes
Turn   | Place    | Note
-------+----------+-------------------------------------------
     0 | D:1      | Zadan the Gargoyle Earth Elementalist began the quest for
                  | the Orb.
     0 | D:1      | Reached XP level 1. HP: 10/10 MP: 3/3
   225 | D:1      | Reached XP level 2. HP: 14/15 MP: 5/5
   281 | D:1      | Found a faded altar of an unknown god.
   465 | D:1      | Reached skill level 4 in Earth Magic
  1364 | D:2      | Reached XP level 3. HP: 9/19 MP: 4/6
  1372 | D:2      | Learned a level 3 spell: Stone Arrow
  1678 | D:2      | Slain by a hobgoblin

Illustrated notes

Levels and vault maps discovered:
D:1:      tarquinn_simple_flora_water_b, layout_loops_corners,
          shapermc_ecumenical_altar_totnotflames
D:2:      layout_basic, minmay_mini_jars

Skill      XL: |  1  2 |
---------------+-------+-----
Earth Magic    | 4 |  4.4
Dodging        | |  1.5
Stealth        | |  2.1
Spellcasting   | |  2.7
Conjurations   | |  0.2
Transmutations | |  0.7

Action                   || total
-------------------------++-------
Melee: Whip              ||    80
 Cast: Sandblast         ||    10
  Use: Scroll            ||     3
 Stab: Sleeping          ||     3
Armor: Robe              ||    44
Dodge: Dodged            ||    71

Table legend: (Time is in decaauts)
 A = Elapsed time spent in this place.
 B = Non-inter-level travel time spent in this place.
 C = Inter-level travel time spent in this place.
 D = Time resting spent in this place.
 E = Time spent auto-exploring this place.
 F = Levels seen in this place.
 G = Mean time per level.
                   A        B        C        D        E       F      G
               +--------+--------+--------+--------+--------+-----+--------+
         Total |   1684 |   1641 |     43 |    146 |   1278 |   2 |  842.0 |
       Dungeon |   1684 |   1641 |     43 |    146 |   1278 |   2 |  842.0 |
               +--------+--------+--------+--------+--------+-----+--------+

Top non-repeatable levels by time:
     D:1: 1236 daAuts
     D:2: 448 daAuts
